[Event "Irish International Open 2019"]
[Site "Dublin"]
[Date "2019.04.20"]
[Round "5.13"]
[White "Horvath, Gabor"]
[Black "Mulligan, Scott"]
[Result "1/2-1/2"]
[ECO "B11"]
[WhiteElo "2252"]
[BlackElo "2006"]
[Annotator "NA"]
[PlyCount "96"]
[EventDate "2019.02.28"]
[EventType "swiss"]
[EventCountry "IRL"]
[SourceTitle "playchess.com"]
[Source "ChessBase"]
[SourceQuality "1"]
[TimeControl "5400+30"]

1. e4 c6 2. Nf3 d5 3. Nc3 Bg4 4. h3 Bxf3 5. Qxf3 e6 6. g3 Nf6 7. Bg2 Nxe4 8. Nxe4 dxe4 9. Qxe4 Qd5 10. d4 Nd7 11. O-O Qxe4 12. Bxe4 Be7 13. Bf4 Nf6 14. Bg2 Nd5 15. Bd2 Bf6 16. c3 O-O 17. Rac1 Rfd8 18. Rfd1 e5 19. c4 Nb6 20. dxe5 Bxe5 21. b3 Bb2 22. Rb1 Bf6 23. Be3 Rxd1+ 24. Rxd1 Rd8 25. Rxd8+ Bxd8 26. Kf1 Nc8 27. Ke2 Bb6 28. c5 Ba5 29. Kd3 Kf8 30. Kc4 Ke7 31. b4 Bc7 32. h4 Ke6 33. Bh3+ f5 34. h5 Ne7 35. Bg2 g6 36. hxg6 hxg6 37. a4 a6 38. Bd2 Nd5 39. b5 axb5+ 40. axb5 Ne7 41. Bg5 Kd7 42. Bxe7 Kxe7 43. bxc6 bxc6 44. Bxc6 g5 45. Ba4 g4 46. Bd1 Kf6 47. Kd5 Kg5 48. c6 f4 1/2-1/2

[Event "Irish International Open 2019"]
[Site "Dublin"]
[Date "2019.04.20"]
[Round "5.14"]
[White "Moran, Stephen"]
[Black "Murphy, Sean"]
[Result "1-0"]
[ECO "D45"]
[WhiteElo "2165"]
[BlackElo "1976"]
[Annotator "NA"]
[PlyCount "79"]
[EventDate "2019.02.28"]
[EventType "swiss"]
[EventCountry "IRL"]
[SourceTitle "playchess.com"]
[Source "ChessBase"]
[SourceQuality "1"]
[TimeControl "5400+30"]

1. Nf3 d5 2. e3 Nf6 3. c4 c6 4. Nc3 e6 5. d4 Nbd7 6. Bd2 Bd6 7. Bd3 dxc4 8. Bxc4 b5 9. Bd3 a6 10. Ne4 Nxe4 11. Bxe4 Bb7 12. Rc1 Rc8 13. b4 O-O 14. O-O Qe7 15. a3 a5 16. Qb3 Kh8 17. Bc3 Nf6 18. Bd3 Nd5 19. Rb1 Nxc3 20. Qxc3 axb4 21. axb4 Ra8 22. Rb3 h5 23. e4 h4 24. e5 Bc7 25. Be4 Bb6 26. Qe3 g6 27. Qh6+ Kg8 28. Ng5 f6 29. Qxg6+ Kh8 30. Qh6+ Kg8 31. Qg6+ Kh8 32. Nxe6 Rf7 33. Qh5+ Rh7 34. Bxh7 Qxh7 35. Qxh7+ Kxh7 36. exf6 Bc8 37. Ng5+ Kg6 38. f7 Bf5 39. Re3 Bd7 40. Re7 1-0

[Event "Irish International Open 2019"]
[Site "Dublin"]
[Date "2019.04.20"]
[Round "5.15"]
[White "Murray, David"]
[Black "Plaza Reino, Mercedes"]
[Result "1-0"]
[ECO "B43"]
[WhiteElo "2152"]
[BlackElo "1927"]
[Annotator "NA"]
[PlyCount "87"]
[EventDate "2019.02.28"]
[EventType "swiss"]
[EventCountry "IRL"]
[SourceTitle "playchess.com"]
[Source "ChessBase"]
[SourceQuality "1"]
[TimeControl "5400+30"]

1. e4 c5 2. Nf3 e6 3. d4 cxd4 4. Nxd4 a6 5. Nc3 Qc7 6. Bd3 Nf6 7. O-O b5 8. Re1 d6 9. a4 b4 10. Na2 d5 11. exd5 Nxd5 12. Be4 Be7 13. Bxd5 exd5 14. Nxb4 Qc5 15. c3 O-O 16. Nxd5 Qxd5 17. Rxe7 Nc6 18. Rc7 Re8 19. Be3 Ne5 20. Nc6 Qe6 21. Nxe5 Qxe5 22. Rc5 Qe7 23. Qf3 Bb7 24. Qg3 Qe4 25. Rg5 g6 26. h4 Rad8 27. Bd4 Re6 28. Rg4 Qd5 29. Qf4 Rde8 30. Qh6 Re1+ 31. Rxe1 Rxe1+ 32. Kh2 Qd6+ 33. Rg3 f6 34. h5 Be4 35. Qd2 Rb1 36. Qe2 Qd5 37. hxg6 hxg6 38. b4 Qc6 39. Qe3 Kg7 40. Qf4 Re1 41. Rh3 Qe6 42. Qc7+ Kg8 43. Qd8+ Kg7 44. Qh8+ 1-0

[Event "Irish International Open 2019"]
[Site "Dublin"]
[Date "2019.04.20"]
[Round "5.16"]
[White "Phelan, Leo"]
[Black "Melaugh, Shane"]
[Result "0-1"]
[ECO "B41"]
[WhiteElo "1708"]
[BlackElo "2105"]
[Annotator "NA"]
[PlyCount "63"]
[EventDate "2019.02.28"]
[EventType "swiss"]
[EventCountry "IRL"]
[SourceTitle "playchess.com"]
[Source "ChessBase"]
[SourceQuality "1"]
[TimeControl "5400+30"]

1. e4 c5 2. Nf3 e6 3. d4 cxd4 4. Nxd4 a6 5. c4 Qc7 6. Nc3 Nf6 7. a3 Nc6 8. Be3 Be7 9. Be2 O-O 10. O-O Rd8 11. f4 d5 12. e5 dxc4 13. Nxc6 Rxd1 14. Nxe7+ Qxe7 15. Raxd1 Ne8 16. Bxc4 b5 17. Ba2 g6 18. Rd2 Bb7 19. Rfd1 Bc6 20. Bb6 Qb7 21. Bc5 a5 22. b4 h5 23. Bb1 axb4 24. Bxb4 Qa7+ 25. Kh1 Qe3 26. Rd4 f5 27. exf6 Nxf6 28. Ba2 Ng4 29. Rd8+ Rxd8 30. Rxd8+ Kh7 31. Nd1 Qxf4 32. Nf2 0-1

[Event "Irish International Open 2019"]
[Site "Dublin"]
[Date "2019.04.20"]
[Round "5.17"]
[White "Doyle, Hugh"]
[Black "Jocius, Donatas"]
[Result "1-0"]
[ECO "A10"]
[WhiteElo "2042"]
[BlackElo "1773"]
[Annotator "NA"]
[PlyCount "94"]
[EventDate "2019.02.28"]
[EventType "swiss"]
[EventCountry "IRL"]
[SourceTitle "playchess.com"]
[Source "ChessBase"]
[SourceQuality "1"]
[TimeControl "5400+30"]

1. Nf3 d5 2. c4 e6 3. g3 c6 4. Bg2 f5 5. O-O Nf6 6. d3 Bd6 7. Nc3 O-O 8. e4 fxe4 9. dxe4 dxe4 10. Ng5 e5 11. Ncxe4 Be7 12. Qc2 Bf5 13. Rd1 Nfd7 14. Bh3 Bxg5 15. Bxf5 Bxc1 16. Bxh7+ Kh8 17. Raxc1 Qe7 18. Rd2 Na6 19. h4 Nf6 20. Nxf6 Rxf6 21. Be4 Raf8 22. Re1 Nc5 23. Bg2 Nd7 24. Qd1 R8f7 25. Bh3 Nf8 26. Qh5+ Kg8 27. Qxe5 Qb4 28. Qc3 Qc5 29. Ree2 Rf3 30. Qd4 Qa5 31. b3 Qc7 32. Kg2 c5 33. Qd8 Qc6 34. Kh2 b6 35. Bg2 g6 36. Bxf3 Qxf3 37. Qd5 Qf6 38. Re8 Kh7 39. Qe5 Qf3 40. Re7 Kg8 41. Rxf7 Qxf7 42. Qd5 Ne6 43. Re2 Nd4 44. Re8+ Kg7 45. Qxf7+ Kxf7 46. Ra8 Nc6 47. Rc8 Nb4 1-0

[Event "Irish International Open 2019"]
[Site "Dublin"]
[Date "2019.04.20"]
[Round "5.20"]
[White "Hafstad, Leif"]
[Black "Daly, Colm"]
[Result "1-0"]
[ECO "B52"]
[WhiteElo "1857"]
[BlackElo "2278"]
[Annotator "NA"]
[PlyCount "73"]
[EventDate "2019.02.28"]
[EventType "swiss"]
[EventCountry "IRL"]
[SourceTitle "playchess.com"]
[Source "ChessBase"]
[SourceQuality "1"]
[TimeControl "5400+30"]

1. e4 c5 2. Nf3 d6 3. Bb5+ Bd7 4. Bxd7+ Nxd7 5. O-O Ngf6 6. Qe2 g6 7. c3 Bg7 8. d4 O-O 9. e5 Ne8 10. e6 fxe6 11. Qxe6+ Kh8 12. Ng5 Nc7 13. Nf7+ Rxf7 14. Qxf7 cxd4 15. Bg5 dxc3 16. Nxc3 Ne5 17. Qxe7 Qxe7 18. Bxe7 Nc4 19. Rac1 Re8 20. b3 Nd2 21. Rfe1 d5 22. f3 Kg8 23. Bb4 Bd4+ 24. Kh1 Be3 25. Nxd5 Nxd5 26. Bxd2 Bxd2 27. Rxe8+ Kf7 28. Rcc8 Bb4 29. Red8 Ne7 30. Rd7 Ke6 31. Rcc7 a5 32. Rxb7 h5 33. Rd4 Nd5 34. Rb5 Nc3 35. Rbxb4 axb4 36. Rxb4 Nxa2 37. Rc4 1-0

[Event "Irish International Open 2019"]
[Site "Dublin"]
[Date "2019.04.20"]
[Round "5.23"]
[White "Buonanno, Raffaele"]
[Black "O`Connell, Kevin J."]
[Result "1-0"]
[ECO "B20"]
[WhiteElo "2091"]
[BlackElo "2328"]
[Annotator "NA"]
[PlyCount "73"]
[EventDate "2019.02.28"]
[EventType "swiss"]
[EventCountry "IRL"]
[SourceTitle "playchess.com"]
[Source "ChessBase"]
[SourceQuality "1"]
[TimeControl "5400+30"]

1. e4 e5 2. c4 c5 3. Nc3 Nc6 4. g3 g6 5. Bg2 d6 6. Nge2 Be6 7. d3 Qd7 8. Nd5 Bg7 9. a3 Nd4 10. Nxd4 cxd4 11. O-O Ne7 12. f4 Nxd5 13. exd5 Bg4 14. Qc2 f6 15. c5 dxc5 16. fxe5 fxe5 17. Qxc5 Rc8 18. Qb4 Bf8 19. Qb3 h5 20. Bg5 Bh6 21. Bf6 Be3+ 22. Kh1 O-O 23. d6+ Kh7 24. Be7 Rf5 25. Qxb7 Qxb7 26. Bxb7 Rxf1+ 27. Rxf1 Rb8 28. Bc6 Bh3 29. Rf7+ Kh6 30. b4 Rc8 31. b5 Be6 32. d7 Bxd7 33. Bxd7 Rc1+ 34. Kg2 Rc2+ 35. Kh3 g5 36. g4 h4 37. Bf5 1-0

[Event "Irish International Open 2019"]
[Site "Dublin"]
[Date "2019.04.20"]
[Round "5.24"]
[White "Murphy, Sean"]
[Black "Kersten, Julian"]
[Result "1-0"]
[ECO "B43"]
[WhiteElo "1976"]
[BlackElo "1996"]
[Annotator "NA"]
[PlyCount "115"]
[EventDate "2019.02.28"]
[EventType "swiss"]
[EventCountry "IRL"]
[SourceTitle "playchess.com"]
[Source "ChessBase"]
[SourceQuality "1"]
[TimeControl "5400+30"]

1. e4 c5 2. Nf3 e6 3. d4 cxd4 4. Nxd4 a6 5. Bd3 Nf6 6. O-O Qc7 7. Be3 d6 8. Nc3 Nbd7 9. Qe2 b5 10. a3 Bb7 11. f3 Be7 12. Qf2 d5 13. exd5 Nxd5 14. Nxd5 Bxd5 15. Nb3 O-O 16. Rac1 Rfc8 17. Nd2 Ne5 18. Be2 Nc4 19. Nxc4 Bxc4 20. Rfd1 Bd6 21. g3 Bd5 22. c3 Bc5 23. f4 Bxe3 24. Qxe3 Rd8 25. Rf1 Rd6 26. a4 Bc4 27. axb5 axb5 28. Ra1 Rad8 29. Bxc4 Qxc4 30. Qf3 Qb3 31. Rf2 g6 32. Ra8 Rd1+ 33. Kg2 Rxa8 34. Qxa8+ Kg7 35. Qe4 Rd5 36. g4 Qd1 37. Qf3 Qb3 38. h3 b4 39. cxb4 Qxb4 40. f5 gxf5 41. gxf5 Rxf5 42. Qg3+ Kf8 43. Rxf5 exf5 44. Qa3 Qe7 45. Kf3 Ke8 46. Qxe7+ Kxe7 47. Kf4 Kf6 48. h4 h6 49. h5 Ke6 50. b3 Kf6 51. b4 Ke6 52. b5 Kd5 53. Kxf5 Kc5 54. Kf6 Kxb5 55. Kxf7 Kc6 56. Kg6 Kd7 57. Kxh6 Ke8 58. Kg7 1-0

[Event "Irish International Open 2019"]
[Site "Dublin"]
[Date "2019.04.20"]
[Round "5.25"]
[White "Larter, Nick J."]
[Black "Fox, Anthony"]
[Result "1/2-1/2"]
[ECO "C56"]
[WhiteElo "1830"]
[BlackElo "2031"]
[Annotator "NA"]
[PlyCount "150"]
[EventDate "2019.02.28"]
[EventType "swiss"]
[EventCountry "IRL"]
[SourceTitle "playchess.com"]
[Source "ChessBase"]
[SourceQuality "1"]
[TimeControl "5400+30"]

1. e4 e5 2. Bc4 Nf6 3. d4 exd4 4. Nf3 Nc6 5. e5 d5 6. Bb5 Ne4 7. Nxd4 Bd7 8. Bxc6 bxc6 9. O-O Bc5 10. Be3 Bb6 11. f3 Ng5 12. f4 Ne4 13. Nd2 Nxd2 14. Qxd2 c5 15. Nf3 d4 16. Bf2 Bc6 17. Bh4 Qd7 18. e6 fxe6 19. Ne5 Qd5 20. Nxc6 Qxc6 21. f5 O-O 22. f6 Rf7 23. Rae1 c4 24. Kh1 Qd5 25. Qe2 d3 26. cxd3 cxd3 27. Qxe6 Qxe6 28. Rxe6 d2 29. Rd1 Rd8 30. Re2 Ba5 31. a3 c5 32. Re5 gxf6 33. Rxc5 Bb6 34. Rc6 Kg7 35. Re6 Rd3 36. g4 Be3 37. Kg2 f5 38. Kf1 f4 39. Ke2 Rb3 40. Bf2 Bxf2 41. Kxf2 Rd7 42. Re4 Rxb2 43. Rxf4 Rb3 44. Rf3 Rb2 45. Ke2 Rd4 46. h3 Rd7 47. Rd3 Rxd3 48. Kxd3 Rb3+ 49. Kxd2 Rxh3 50. Rg1 Rxa3 51. Kc2 Kg6 52. Kb2 Rf3 53. Ra1 Rf7 54. Ra5 h6 55. Kc3 Rf4 56. Kd3 Rxg4 57. Ke3 h5 58. Kf3 Rb4 59. Rxa7 Kg5 60. Kg2 Kh4 61. Rg7 Rb2+ 62. Kf1 Kh3 63. Rh7 h4 64. Rg7 Kh2 65. Rh7 h3 66. Rg7 Rb1+ 67. Kf2 Kh1 68. Rh7 h2 69. Rg7 Rg1 70. Rh7 Rg2+ 71. Kf1 Rg8 72. Rf7 Rg2 73. Rf6 Ra2 74. Rf7 Ra1+ 75. Kf2 Ra2+ 1/2-1/2

[Event "Irish International Open 2019"]
[Site "Dublin"]
[Date "2019.04.20"]
[Round "5.26"]
[White "Flynn, Jacob"]
[Black "Mancin, Michele"]
[Result "1-0"]
[ECO "D63"]
[WhiteElo "2011"]
[BlackElo "1706"]
[Annotator "NA"]
[PlyCount "51"]
[EventDate "2019.02.28"]
[EventType "swiss"]
[EventCountry "IRL"]
[SourceTitle "playchess.com"]
[Source "ChessBase"]
[SourceQuality "1"]
[TimeControl "5400+30"]

1. d4 d5 2. c4 c6 3. Nf3 e6 4. Nc3 Nf6 5. Bg5 h6 6. Bh4 Be7 7. e3 O-O 8. Bd3 dxc4 9. Bxc4 b5 10. Bd3 a6 11. Rc1 Bb7 12. O-O Nbd7 13. Qe2 c5 14. Rfd1 cxd4 15. exd4 Rc8 16. Ne5 Nb6 17. Bg3 b4 18. Ne4 Rxc1 19. Rxc1 Qxd4 20. Nf3 Qd5 21. Nxf6+ Bxf6 22. Bxa6 Ba8 23. b3 Bc3 24. Rd1 Qa5 25. Bc7 Qc5 26. Bd6 1-0

[Event "Irish International Open 2019"]
[Site "Dublin"]
[Date "2019.04.20"]
[Round "5.27"]
[White "Lundback, Anders"]
[Black "Schmitz, Manuela"]
[Result "1/2-1/2"]
[ECO "D46"]
[WhiteElo "1806"]
[BlackElo "1968"]
[Annotator "NA"]
[PlyCount "61"]
[EventDate "2019.02.28"]
[EventType "swiss"]
[EventCountry "IRL"]
[SourceTitle "playchess.com"]
[Source "ChessBase"]
[SourceQuality "1"]
[TimeControl "5400+30"]

1. d4 d5 2. c4 e6 3. Nf3 c6 4. Nc3 Nf6 5. e3 Nbd7 6. Bd3 Bd6 7. O-O O-O 8. Re1 dxc4 9. Bxc4 e5 10. e4 Qe7 11. Bg5 Nb6 12. Bb3 Bg4 13. d5 Rac8 14. h3 Bxf3 15. Qxf3 Nbd7 16. Rac1 h6 17. Bh4 g5 18. Bg3 Nc5 19. dxc6 bxc6 20. Bc4 Ne6 21. Bxe6 Qxe6 22. Nd1 Bb4 23. Re2 Rfd8 24. Ne3 Bd2 25. Rf1 Rd3 26. Qf5 Bxe3 27. fxe3 Qxf5 28. Rxf5 Nxe4 29. Bxe5 Rd1+ 30. Rf1 Rd5 31. Bh2 1/2-1/2

[Event "Irish International Open 2019"]
[Site "Dublin"]
[Date "2019.04.20"]
[Round "6.1"]
[White "Jovanic, Ognjen"]
[Black "Ruck, Robert"]
[Result "1/2-1/2"]
[ECO "A48"]
[WhiteElo "2515"]
[BlackElo "2522"]
[Annotator "ChessBase"]
[PlyCount "23"]
[EventDate "2019.02.28"]
[EventType "swiss"]
[EventCountry "IRL"]
[SourceTitle "playchess.com"]
[Source "ChessBase"]
[SourceQuality "1"]
[TimeControl "5400+30"]

1. d4 Nf6 2. Nf3 g6 3. Bf4 Bg7 4. e3 O-O 5. c3 d6 6. h3 Nbd7 7. Be2 b6 8. O-O Bb7 9. Nbd2 c5 10. Bh2 Qc7 11. a4 a6 12. Qb3 1/2-1/2

[Event "Irish International Open 2019"]
[Site "Dublin"]
[Date "2019.04.20"]
[Round "6.2"]
[White "Saric, Ante"]
[Black "Burg, Twan"]
[Result "1/2-1/2"]
[ECO "D37"]
[WhiteElo "2530"]
[BlackElo "2519"]
[Annotator "ChessBase"]
[PlyCount "41"]
[EventDate "2019.02.28"]
[EventType "swiss"]
[EventCountry "IRL"]
[SourceTitle "playchess.com"]
[Source "ChessBase"]
[SourceQuality "1"]
[TimeControl "5400+30"]

1. d4 Nf6 2. c4 e6 3. Nf3 d5 4. Nc3 Be7 5. Bf4 O-O 6. e3 Nbd7 7. a3 c5 8. cxd5 Nxd5 9. Nxd5 exd5 10. dxc5 Nxc5 11. Be5 Bf5 12. Be2 Bf6 13. Bxf6 Qxf6 14. Nd4 Ne6 15. O-O Nxd4 16. Qxd4 Qxd4 17. exd4 Rac8 18. Rfc1 Rxc1+ 19. Rxc1 Rc8 20. Rxc8+ Bxc8 21. Bf3 1/2-1/2

[Event "Irish International Open 2019"]
[Site "Dublin"]
[Date "2019.04.20"]
[Round "6.4"]
[White "Pulkkinen, Kari"]
[Black "Larino Nieto, David"]
[Result "0-1"]
[ECO "C61"]
[WhiteElo "2265"]
[BlackElo "2434"]
[Annotator "ChessBase"]
[PlyCount "110"]
[EventDate "2019.02.28"]
[EventType "swiss"]
[EventCountry "IRL"]
[SourceTitle "playchess.com"]
[Source "ChessBase"]
[SourceQuality "1"]
[TimeControl "5400+30"]

1. e4 e5 2. Nf3 Nc6 3. Bb5 Nd4 4. Nxd4 exd4 5. O-O c6 6. Ba4 Nf6 7. e5 Ne4 8. c3 d3 9. Qf3 Nc5 10. Bd1 d6 11. b4 Ne6 12. Qxd3 dxe5 13. Qe4 a5 14. Qxe5 axb4 15. cxb4 Bxb4 16. Bb2 Be7 17. Qe4 Bf6 18. Bxf6 Qxf6 19. Nc3 O-O 20. Bc2 g6 21. Qe3 Nd4 22. Bb3 Bf5 23. Rae1 Kg7 24. h3 Rad8 25. f4 h5 26. Rf2 h4 27. Qe7 Rd7 28. Qxf6+ Kxf6 29. Na4 Rd6 30. Re3 Rfd8 31. Nc5 Rb8 32. d3 Rdd8 33. Ne4+ Kg7 34. Rd2 Bxe4 35. Rxe4 Rd7 36. Kf2 Rbd8 37. Bd1 Kf6 38. Bg4 Rd5 39. Ke3 b5 40. Kf2 b4 41. Re3 Ra5 42. Re4 Rad5 43. Re3 Rc5 44. Re4 Rc3 45. Re3 c5 46. Re4 Ra8 47. Bf3 Raa3 48. Re5 Ne6 49. Ke3 g5 50. Bg4 Nxf4 51. Ke4 c4 52. Rf5+ Kg6 53. dxc4 Re3+ 54. Kd4 Ne6+ 55. Kd5 Ra5+ 0-1

[Event "Irish International Open 2019"]
[Site "Dublin"]
[Date "2019.04.20"]
[Round "6.5"]
[White "Menzies, Colin"]
[Black "Thorfinnsson, Bjorn"]
[Result "0-1"]
[ECO "D11"]
[WhiteElo "2183"]
[BlackElo "2399"]
[Annotator "NA"]
[PlyCount "34"]
[EventDate "2019.02.28"]
[EventType "swiss"]
[EventCountry "IRL"]
[SourceTitle "playchess.com"]
[Source "ChessBase"]
[SourceQuality "1"]
[TimeControl "5400+30"]

1. Nf3 d5 2. c4 c6 3. g3 Nf6 4. Bg2 Bf5 5. d4 e6 6. Nc3 h6 7. Qb3 Qb6 8. c5 Qxb3 9. axb3 Na6 10. Ne5 Nc7 11. f3 Nd7 12. g4 Nxe5 13. gxf5 Nd7 14. fxe6 Nxe6 15. Ra4 b5 16. cxb6 Nxb6 17. Ra6 Nxd4 0-1

[Event "Irish International Open 2019"]
[Site "Dublin"]
[Date "2019.04.20"]
[Round "6.7"]
[White "Jackson, James P"]
[Black "De Verdier, Michael"]
[Result "1/2-1/2"]
[ECO "C11"]
[WhiteElo "2388"]
[BlackElo "2306"]
[Annotator "NA"]
[PlyCount "30"]
[EventDate "2019.02.28"]
[EventType "swiss"]
[EventCountry "IRL"]
[SourceTitle "playchess.com"]
[Source "ChessBase"]
[SourceQuality "1"]
[TimeControl "5400+30"]

1. e4 e6 2. d4 d5 3. Nc3 Nf6 4. e5 Nfd7 5. f4 c5 6. Nf3 Qb6 7. Be3 a6 8. Na4 Qa5+ 9. c3 cxd4 10. b4 Qc7 11. Bxd4 Nc6 12. Be3 Be7 13. Bd3 O-O 14. O-O b5 15. Nb2 Nb6 1/2-1/2

[Event "Irish International Open 2019"]
[Site "Dublin"]
[Date "2019.04.20"]
[Round "6.9"]
[White "Melaugh, Shane"]
[Black "Li, Henry"]
[Result "0-1"]
[ECO "D01"]
[WhiteElo "2105"]
[BlackElo "2308"]
[Annotator "ChessBase"]
[PlyCount "52"]
[EventDate "2019.02.28"]
[EventType "swiss"]
[EventCountry "IRL"]
[SourceTitle "playchess.com"]
[Source "ChessBase"]
[SourceQuality "1"]
[TimeControl "5400+30"]

1. d4 Nf6 2. Nc3 d5 3. Bf4 g6 4. Qd2 Bg7 5. Bh6 O-O 6. Bxg7 Kxg7 7. f3 c6 8. h4 Nbd7 9. g4 e5 10. dxe5 Nxe5 11. Qd4 Qc7 12. O-O-O Re8 13. e4 Be6 14. Kb1 Rad8 15. g5 Nh5 16. exd5 Bxd5 17. Qf2 Qa5 18. Nxd5 Rxd5 19. Rxd5 Qxd5 20. Be2 Nf4 21. Rh2 Nc4 22. a3 Ne3 23. Qe1 Qd4 24. Nh3 Nxc2 25. Kxc2 Rxe2+ 26. Rxe2 Qd3+ 0-1

[Event "Irish International Open 2019"]
[Site "Dublin"]
[Date "2019.04.20"]
[Round "6.10"]
[White "Brady, Stephen"]
[Black "Murray, David"]
[Result "1-0"]
[ECO "A01"]
[WhiteElo "2301"]
[BlackElo "2152"]
[Annotator "ChessBase"]
[PlyCount "47"]
[EventDate "2019.02.28"]
[EventType "swiss"]
[EventCountry "IRL"]
[SourceTitle "playchess.com"]
[Source "ChessBase"]
[SourceQuality "1"]
[TimeControl "5400+30"]

1. b3 e5 2. Bb2 d6 3. e3 Nf6 4. d4 Nbd7 5. Nf3 exd4 6. exd4 d5 7. Bd3 Bb4+ 8. c3 Bd6 9. O-O O-O 10. c4 c5 11. Nc3 dxc4 12. Bxc4 Nb6 13. Be2 Nbd5 14. Nxd5 Nxd5 15. dxc5 Bxc5 16. Qc2 Be7 17. Rad1 Qc7 18. Bc4 Rd8 19. Rfe1 Be6 20. Nd4 Rac8 21. Rxe6 fxe6 22. Nxe6 Qd7 23. Nxd8 b5 24. Rxd5 1-0

[Event "Irish International Open 2019"]
[Site "Dublin"]
[Date "2019.04.20"]
[Round "6.12"]
[White "McMorrow, John"]
[Black "Schut, Han"]
[Result "1/2-1/2"]
[ECO "B90"]
[WhiteElo "2058"]
[BlackElo "2173"]
[Annotator "NA"]
[PlyCount "26"]
[EventDate "2019.02.28"]
[EventType "swiss"]
[EventCountry "IRL"]
[SourceTitle "playchess.com"]
[Source "ChessBase"]
[SourceQuality "1"]
[TimeControl "5400+30"]

1. e4 c5 2. Nf3 d6 3. d4 cxd4 4. Nxd4 Nf6 5. Nc3 a6 6. Be3 e5 7. Nb3 Be6 8. f3 Nbd7 9. Qd2 b5 10. g4 b4 11. Nd5 Bxd5 12. exd5 Nb6 13. O-O-O Nfxd5 1/2-1/2

[Event "Irish International Open 2019"]
[Site "Dublin"]
[Date "2019.04.20"]
[Round "6.14"]
[White "Mulligan, Scott"]
[Black "Fitzsimons, David"]
[Result "0-1"]
[ECO "A40"]
[WhiteElo "2006"]
[BlackElo "2299"]
[Annotator "ChessBase"]
[PlyCount "74"]
[EventDate "2019.02.28"]
[EventType "swiss"]
[EventCountry "IRL"]
[SourceTitle "playchess.com"]
[Source "ChessBase"]
[SourceQuality "1"]
[TimeControl "5400+30"]

1. e4 g6 2. c4 Bg7 3. d4 Nc6 4. Nf3 d6 5. d5 Ne5 6. Nxe5 Bxe5 7. Qc2 c5 8. Bd2 Bg7 9. Bc3 Nf6 10. Bd3 O-O 11. O-O e5 12. dxe6 fxe6 13. e5 Ng4 14. exd6 Qxd6 15. g3 Bh6 16. Bxg6 e5 17. Bxh7+ Kh8 18. Qg6 Qe7 19. h3 Qxh7 20. Qxh7+ Kxh7 21. hxg4 Bxg4 22. f4 exf4 23. gxf4 Bxf4 24. Nd2 Be2 25. Rfe1 Be3+ 26. Kg2 Rf2+ 27. Kh3 Bf4 28. Rh1 Re8 29. Rag1 Kh6 30. Nf1 Re4 31. Ng3 Re3 32. Rh2 Rxh2+ 33. Kxh2 Bxc4 34. a3 Kg5 35. Bd2 Re2+ 36. Rg2 Rxg2+ 37. Kxg2 Bd5+ 0-1

[Event "Irish International Open 2019"]
[Site "Dublin"]
[Date "2019.04.20"]
[Round "6.15"]
[White "Mihalik, Agoston"]
[Black "Schmitz, Andreas Arnold"]
[Result "1-0"]
[ECO "C06"]
[WhiteElo "2203"]
[BlackElo "2003"]
[Annotator "NA"]
[PlyCount "45"]
[EventDate "2019.02.28"]
[EventType "swiss"]
[EventCountry "IRL"]
[SourceTitle "playchess.com"]
[Source "ChessBase"]
[SourceQuality "1"]
[TimeControl "5400+30"]

1. e4 e6 2. d4 d5 3. Nd2 Nf6 4. e5 Nfd7 5. c3 c5 6. Bd3 Nc6 7. Ne2 Qb6 8. Nf3 f6 9. exf6 Nxf6 10. O-O cxd4 11. cxd4 Bd6 12. Bf4 Bxf4 13. Nxf4 O-O 14. Qd2 Ne4 15. Qe3 Nxd4 16. Nxd4 e5 17. Nxd5 exd4 18. Qxe4 Qh6 19. Ne7+ Kh8 20. Nxc8 Raxc8 21. Qxb7 Rc5 22. Qe7 Rfc8 23. Rfe1 1-0

[Event "Irish International Open 2019"]
[Site "Dublin"]
[Date "2019.04.20"]
[Round "6.16"]
[White "Han, Yichen"]
[Black "Carroll, Peter"]
[Result "1-0"]
[ECO "A48"]
[WhiteElo "2190"]
[BlackElo "2006"]
[Annotator "NA"]
[PlyCount "43"]
[EventDate "2019.02.28"]
[EventType "swiss"]
[EventCountry "IRL"]
[SourceTitle "playchess.com"]
[Source "ChessBase"]
[SourceQuality "1"]
[TimeControl "5400+30"]

1. d4 Nf6 2. Bf4 c6 3. Nf3 g6 4. e3 Bg7 5. h3 O-O 6. Nbd2 d6 7. Be2 Nbd7 8. O-O Re8 9. Bh2 e5 10. dxe5 Nxe5 11. Nxe5 dxe5 12. Nc4 Nd5 13. a4 Qg5 14. Kh1 f5 15. c3 f4 16. e4 Nb6 17. Nd6 Rd8 18. Qb3+ Kh8 19. Nf7+ Kg8 20. Nh6+ Kh8 21. Qg8+ Rxg8 22. Nf7# 1-0

[Event "Irish International Open 2019"]
[Site "Dublin"]
[Date "2019.04.20"]
[Round "6.18"]
[White "Hafstad, Leif"]
[Black "Buonanno, Raffaele"]
[Result "0-1"]
[ECO "B06"]
[WhiteElo "1857"]
[BlackElo "2091"]
[Annotator "NA"]
[PlyCount "82"]
[EventDate "2019.02.28"]
[EventType "swiss"]
[EventCountry "IRL"]
[SourceTitle "playchess.com"]
[Source "ChessBase"]
[SourceQuality "1"]
[TimeControl "5400+30"]

1. e4 d6 2. d4 g6 3. Nc3 Bg7 4. Be3 a6 5. Qd2 b5 6. h4 h5 7. Nf3 Bb7 8. Ng5 Nd7 9. f3 Ngf6 10. Be2 e5 11. d5 O-O 12. g4 Qe7 13. O-O-O Rac8 14. gxh5 Nxh5 15. a4 b4 16. Na2 a5 17. Bb5 Nc5 18. Kb1 Rfd8 19. Nc1 Qf6 20. Qf2 c6 21. dxc6 Bxc6 22. Bxc5 dxc5 23. Rxd8+ Qxd8 24. Bc4 Be8 25. Nd3 Bf6 26. f4 exf4 27. Nxf4 Nxf4 28. Rf1 Qd4 29. Qxd4 cxd4 30. Bxf7+ Bxf7 31. Nxf7 Kxf7 32. Rxf4 Kg7 33. Rf2 Bxh4 34. Rd2 Bf6 35. Ka2 Be5 36. Rf2 Rf8 37. Re2 Rf3 38. Rg2 Re3 39. Rg4 d3 40. cxd3 Rxd3 41. Rg2 b3+ 0-1